 Dungeon Crawl Stone Soup version 0.26.0-45-g9c1d065592 (webtiles) character file.

Game seed: 3933914936386958499

1227 vvl the Poker (level 8, 0/68 HPs)
             Began as a Black Draconian Fighter on Jan 22, 2021.
             Was an Initiate of Fedhas.
             Killed from afar by a white imp (12 damage)
             ... with a puff of frost
             ... on level 5 of the Dungeon on Jan 27, 2021.
             The game lasted 00:19:24 (6778 turns).

vvl the Poker (Black Draconian Fighter)             Turns: 6778, Time: 00:19:27

Health: 0/68       AC:  9    Str: 21    XL:     8   Next: 23%
Magic:  10/10      EV: 11    Int:  8    God:    Fedhas [......]
Gold:   282        SH: 10    Dex: 11    Spells: 7/7 levels left

rFire    . . .     SeeInvis .   s - -1 mace (curse)
rCold    . . .     Faith    .   b - +0 kite shield
rNeg     . . .     Spirit   .   (armour unavailable)
rPois    .         Reflect  .   (helmet restricted)
rElec    +         Harm     .   q - +0 cloak
rCorr    .         Rampage  .   (no gloves)
Will     .....                  g - +1 pair of boots
Stlth    +.........             (no amulet)
HPRegen  0.21/turn              (no ring)
MPRegen  0.12/turn              (no ring)

@: short of breath
A: breathe lightning, unfitting armour, electricity resistance, cold-blooded, AC
+6
a: Breathe Lightning, Renounce Religion


You were on level 5 of the Dungeon.
You worshipped Fedhas.
Fedhas was noncommittal.
You visited 2 branches of the dungeon, and saw 7 of its levels.

You collected 282 gold pieces.

Inventory:

Hand Weapons
 a - a +0 trident
 j - a +2 whip of electrocution
 p - a +3 quarterstaff of chaos
 s - a cursed -1 mace (weapon)
Armour
 b - a +0 kite shield (worn)
 g - a +1 pair of boots (worn)
 q - a +0 cloak (worn)
Jewellery
 h - an uncursed ring of fire
 i - the amulet of Xom's Recklessness {Acrobat +Fly rElec rN+ Str-3}
   (You took it off an orc on level 5 of the Dungeon)

   [amulet of the acrobat]

   It helps you evade while moving and waiting.
   It affects your strength (-3).
   It insulates you from electricity.
   It protects you from negative energy.
   It lets you fly.
 k - an uncursed ring of ice
 n - an uncursed ring of stealth {unknown}
Wands
 m - a wand of polymorph (7)
Scrolls
 l - a scroll of magic mapping
 v - a scroll of teleportation
Potions
 c - a potion of might
 d - a potion of resistance {unknown}
 f - 2 potions of mutation {unknown}
 o - a potion of flight {unknown}
 r - 2 potions of berserk rage {unknown}
 t - a potion of magic {unknown}
 u - a potion of curing


   Skills:
 + Level 5.2 Fighting
 * Level 5.5 Polearms
 + Level 4.3 Dodging
 + Level 4.8 Shields
 + Level 3.8 Invocations
 + Level 3.4 Evocations


You had 7 spell levels left.
You didn't know any spells.
Your spell library contained the following spells:

 Spells                   Type           Power        Failure   Level
 Animate Skeleton         Necr           0%           85%         1
 Apportation              Tloc           0%           85%         1
 Corona                   Hex            0%           85%         1
 Summon Small Mammal      Summ           0%           85%         1


Dungeon Overview and Level Annotations

Branches:
Dungeon (6/15)             Temple (1/1) D:5

Altars:
Ashenzari
Cheibriados
Dithmenos
Elyvilon
Fedhas
Hepliaklqana
Makhleb
Nemelex Xobeh
Okawaru
Qazlal
Sif Muna
Trog
Uskayaw
Vehumet
Wu Jian
Xom
Yredelemnul
Zin

Shops:
D:5 *


Innate Abilities, Weirdness & Mutations

You can breathe wild blasts of lightning.
Your glossy black scales are hard. (AC +6)
You cannot fit into any form of body armour.
You are resistant to electric shocks. (rElec)
You are cold-blooded and may be slowed by cold attacks.


Message History

The leopard gecko blinks!
The white imp blinks!
The bullfrog blinks!
The white imp blinks!
You blink.
The ogre blinks!
The bullfrog hits you.
* * * LOW HITPOINT WARNING * * *
The bullfrog hits you.
* * * LOW HITPOINT WARNING * * *
You have got your breath back.
You breathe a wild blast of lightning!
You hear a mighty clap of thunder!
The orb of electricity explodes!
The orb of electricity engulfs you but does no damage.
You resist.
The orb of electricity engulfs the bullfrog!!!
You kill the bullfrog!
Fedhas accepts your kill.
The white imp disappears for a moment.
The white imp gestures at you. The puff of frost hits you!
You die...
Fedhas appreciates your contribution to the ecosystem.

.#.##............#...###.........
.###..........(.....####.........
..###....((..........##......##..
..##.#..(.................#..####
.......(.........##.##.#.....##
.......(.....##..#...#........###
..#.........###..................
###.........##..†.._............<
.##.............@......^........#
....#....##......#...#..........#
....#...####...>.##5##....§......
........####..................#>.
.....>..##.#.................##..
##........)...#.....##...........
...........).###.........§......#
###.......##................##...
###....................#....##.


You could see a white imp.

Vanquished Creatures
  Grinder (D:6)
  2 phantoms
  A centaur (D:5)
  2 ogres
  A bullfrog (D:5)
  A scorpion (D:5)
  A centaur skeleton (D:5)
  An orc priest (D:5)
  2 orc wizards
  Crazy Yiuf (D:3)
  Ijyb (D:2)
  Jessica (D:2)
  6 worker ants
  A hound skeleton (D:4)
  A worker ant zombie (D:5)
  4 adders
  3 gnolls (D:2)
  A shadow imp (D:5)
  2 white imps (D:5)
  2 oozes
  An adder zombie (D:5)
  2 worms
  4 dart slugs
  2 leopard geckos (D:5)
  10 orcs
  2 bats
  2 giant cockroaches
  12 goblins
  13 hobgoblins
  A quokka (D:4)
  3 ball pythons
  5 frilled lizards
  6 kobolds
  A leopard gecko zombie (D:5)
  A quokka skeleton (D:5)
  A quokka zombie (D:5)
  8 rats
109 creatures vanquished.

Notes
Turn   | Place    | Note
-------+----------+-------------------------------------------
     0 | D:1      | vvl the Draconian Fighter began the quest for the Orb.
     0 | D:1      | Reached XP level 1. HP: 19/19 MP: 1/1
   214 | D:1      | Reached XP level 2. HP: 26/26 MP: 2/2
   346 | D:1      | You fall into a shaft and drop 1 floor!
   669 | D:1      | Reached XP level 3. HP: 26/31 MP: 3/3
   763 | D:1      | Reached skill level 1 in Invocations
  1223 | D:2      | Noticed Jessica
  1230 | D:2      | Killed Jessica
  1231 | D:2      | Reached skill level 1 in Evocations
  1231 | D:2      | Reached XP level 4. HP: 12/40 MP: 4/4
  1500 | D:2      | Noticed Ijyb
  1544 | D:2      | Killed Ijyb
  1937 | D:2      | Reached XP level 5. HP: 43/46 MP: 6/6
  2340 | D:3      | Found a hide-covered altar of Uskayaw.
  2920 | D:3      | Found a runed translucent door.
  2921 | D:3      | Noticed Crazy Yiuf
  2928 | D:3      | Killed Crazy Yiuf
  3111 | D:4      | Noticed an ogre
  3114 | D:4      | Killed an ogre
  3115 | D:4      | Reached XP level 6. HP: 52/52 MP: 7/7
  3661 | D:4      | Found a snail-covered altar of Cheibriados.
  3821 | D:5      | Entered Level 5 of the Dungeon
  3895 | D:5      | Found Oresecy's Assorted Antiques.
  4769 | D:5      | Your scales start taking on a glossy black colour.
  4769 | D:5      | Reached XP level 7. HP: 50/60 MP: 7/9
  4769 | D:5      | Gained mutation: You are resistant to electric shocks.
                  | (rElec) [Black Draconian growth]
  5311 | D:5      | Found an iron altar of Okawaru.
  5369 | D:5      | Identified the amulet of Xom's Recklessness {Acrobat +Fly
                  | rElec rN+ Str-3}
  5375 | D:5      | Reached skill level 5 in Polearms
  5692 | D:5      | Reached skill level 5 in Fighting
  5888 | D:5      | Reached XP level 8. HP: 10/68 MP: 10/10
  6288 | D:5      | Found a staircase to the Ecumenical Temple.
  6297 | Temple   | Entered the Ecumenical Temple
  6374 | Temple   | Upgraded the game from 0.26.0-18-gc5c842f807 to
                  | 0.26.0-45-g9c1d065592
  6377 | Temple   | Became a worshipper of Fedhas Madash
  6749 | D:6      | Noticed Grinder
  6753 | D:6      | Paralysed by Grinder for 5 turns
  6763 | D:6      | Killed Grinder
  6778 | D:5      | Killed from afar by a white imp

Illustrated notes

Levels and vault maps discovered:
D:1:      giann_wishing_wells, layout_basic
D:2:      kennysheep_the_goblin_king, layout_basic, uniq_jessica
D:3:      layout_loops_ring, lemuel_doored_altar, chequers_serial_rivers_room_b,
          uniq_crazy_yiuf_cottage
D:4:      layout_loops_cross, cheibriados_altar_1
D:5:      layout_cave_pools, temple_green, serial_shops, shop,
          minmay_misc_feat_plants, okawaru_gym_becter
D:6:      layout_rooms, gammafunk_temple_overflow_claw, serial_shops,
          shop_statue, uniq_grinder
Temple:   minmay_crystal_spiral_temple

Skill      XL: |  1  2  3  4  5  6  7 |
---------------+----------------------+-----
Invocations    | 1 2 3 |  3.8
Dodging        | 3 4 |  4.3
Evocations     | 1 2 3 |  3.4
Polearms       | 3 4 5 |  5.5
Fighting       | 4 5 |  5.2
Shields        | 4 |  4.8

Action                   |  1- 3 |  4- 6 |  7- 9 || total
-------------------------+-------+-------+-------++-------
Melee: Trident           |    79 |   109 |       ||   188
       Tailslap          |     7 |    27 |    25 ||    59
       Whip              |       |    79 |       ||    79
       Mace              |       |    76 |   159 ||   235
 Abil: Breathe Lightning |       |       |     9 ||     9
  Use: Scroll            |       |     5 |     3 ||     8
 Stab: Sleeping          |     1 |       |       ||     1
Armor: Skin              |     9 |    78 |    67 ||   154
Dodge: Dodged            |    10 |   116 |   109 ||   235
Block: Kite shield       |    24 |    99 |   103 ||   226
